 Dungeon Crawl Stone Soup version 0.29.1-13-g9f3cf754e1 (webtiles) character file.

Game seed: 3055617771348100174

3103 shadowmeld the Insei (level 10, -6/70 HPs)
             Began as a Djinni Transmuter on Feb 2, 2023.
             Was a Follower of the Shining One.
             Mangled by an orc warlord
             ... wielding a +7 broad axe
              (33 damage)
             ... in a bailey.
             The game lasted 00:51:06 (6987 turns).

shadowmeld the Insei (Djinni Transmuter)            Turns: 6987, Time: 00:51:06

Health: -6/70      AC:  2    Str:  9    XL:     10   Next: 13%
Gold:   398        EV: 28    Int: 18    God:    the Shining One [*.....] SH:  0 Dex: 20

rFire   . . .      SeeInvis .     - Unarmed
rCold   . . .      Faith    .   (shield currently unavailable)
rNeg    . . .      Spirit   .   (body armour currently unavailable)
rPois   ∞          Reflect  .   (helmet currently unavailable)
rElec   .          Harm     .   (cloak currently unavailable)
rCorr   .          Rampage  .   (gloves currently unavailable)
Will    ++...                   (boots unavailable)
Stlth   +.........              (no amulet)
HPRegen 0.21/turn               j - +4 ring of evasion
MPRegen 0.00/turn               v - ring of willpower

@: spider-form, flying, glowing
A: venomous fangs, flying, sickness immunity, tiny, (fire resistance 2), (cold
vulnerability 1), float, innate caster, HP casting, extra vitality 1
a: End Transformation, Renounce Religion, Divine Shield


You were in a bailey.
You worshipped the Shining One.
The Shining One was aware of your devotion.
You were a venomous arachnid creature.
You visited 2 branches of the dungeon, and saw 8 of its levels.
You also visited: Bailey.

You collected 398 gold pieces.

Inventory:

Hand Weapons
 y - the +1 whip of Jeilihos {speed, Str+2}
   (You found it on level 4 of the Dungeon)

   Attacks with this weapon are significantly faster.
   Str:       It affects your strength (+2).
 F - the +1 long sword of the Uplifting Ass {vorpal, Will- Str+5 Int+2}
   (You found it on level 6 of the Dungeon)

   It inflicts extra damage upon your enemies.
   Str:       It affects your strength (+5).
   Int:       It affects your intelligence (+2).
   Will:      It decreases your willpower.
Missiles
 o - 11 poisoned darts
Armour
 a - a +0 robe
 n - the +4 scale mail of Terror (melded) {rPois Regen+ MP-9 Dex+7}
   (You found it on level 2 of the Dungeon)

   Dex:       It affects your dexterity (+7).
   rPois:     It protects you from poison.
   MP:        It affects your magic capacity (-9).
   Regen:     It increases your rate of health regeneration.
 D - a +2 kite shield of reflection
 G - a +0 helmet (melded)
Jewellery
 b - a ring of protection from fire
 j - a +4 ring of evasion (left front leg)
 v - a ring of willpower (right front leg)
Wands
 l - a wand of quicksilver (7)
 E - a wand of charming (7)
Scrolls
 c - 4 scrolls of teleportation {unknown}
 d - 3 scrolls of magic mapping {unknown}
 e - 4 scrolls of enchant weapon
 g - 2 scrolls of vulnerability
 i - 2 scrolls of blinking {unknown}
 k - 3 scrolls of enchant armour {unknown}
 p - 2 scrolls of noise {unknown}
 s - a scroll of poison
 z - 2 scrolls of fog
Potions
 f - 2 potions of might {unknown}
 m - 2 potions of resistance
 q - a potion of curing
 r - 2 potions of magic {unknown}
 t - 6 potions of mutation {unknown}
 x - a potion of brilliance {unknown}
 A - a potion of attraction {unknown}
 B - a potion of heal wounds {unknown}
 C - a potion of ambrosia {unknown}
 H - a potion of degeneration {unknown}


   Skills:
 * Level 5.0 Fighting
 + Level 5.2 Armour
 * Level 6.2 Dodging
 * Level 6.7 Unarmed Combat
 * Level 6.1 Spellcasting
 - Level 1.4 Evocations


You had one spell level left.
You knew the following spells:

 Your Spells              Type           Power      Damage    Failure   Level
a - Beastly Appendage     Tmut           54%        N/A       5%          1
b - Wereblood             Tmut           27%        N/A       7%          2
c - Spider Form           Tmut/Pois      27%        N/A       11%         3
d - Ice Form              Ice/Tmut       27%        N/A       24%         4
e - Summon Small Mammal   Summ           100%       N/A       5%          1
f - Poisonous Vapours     Pois/Air       54%        N/A       7%          2
g - Inner Flame           Hex/Fire       27%        N/A       11%         3
h - Animate Dead          Necr           27%        N/A       24%         4
Your spell library was empty.

Dungeon Overview and Level Annotations

Branches:
Dungeon (7/15)             Temple (1/1) D:4          Bailey (1/1)

Altars:
Cheibriados
Elyvilon
Gozag
Hepliaklqana
Makhleb
Nemelex Xobeh
Okawaru
Qazlal
Ru
Trog
Uskayaw
Wu Jian
Xom
Yredelemnul
The Shining One


Innate Abilities, Weirdness & Mutations

You are a venomous arachnid creature.
You have poisonous fangs.
You are tiny and dextrous.
You are flying.
Your spellcasting is less reliable in this form.
Your armour is entirely melded.
You are incapable of wielding weapons or throwing items.
You are immune to sickness and miasma.
You are immune to poison.
((Your flesh is very heat resistant. (rF++)))
((You are vulnerable to cold. (rC-)))
You float through the air rather than walking.
You learn spells naturally, not from books.
Your magical power is your life essence.
You have superior vitality. (+4 MHP)


Message History

Aim: an orc warlord, wielding a +7 broad axe and wearing a +0 chain mail (heavily wounded, very poisoned, 79% to hit)
The bolt of dispelling energy misses the orc warlord.
Your horns disappear.
Your +0 helmet unmelds from your body.
There is an open door here.
Things that are here:
a +0 war axe; a +0 leather armour; a goblin corpse An orc warlord is nearby!
Casting: Poisonous Vapours (safe; 10% risk of failure)
Confirm with . or Enter, or press ? or * to list all spells.
You turn into a venomous arachnid creature.
Your +0 helmet melds into your body.
The +4 scale mail of Terror {rPois Regen+ MP-9 Dex+7} melds into your body.
You hit the orc warlord.
The orc warlord looks even sicker.
The orc warlord is heavily wounded.
The orc warlord hits you with a +7 broad axe!
You hit the orc warlord.
The orc warlord looks as sick as possible!
The orc warlord is heavily wounded.
The orc warlord closely misses you.
You bite the orc warlord!
The orc warlord looks as sick as possible!
The orc warlord is heavily wounded.
The orc warlord hits you with a +7 broad axe!!
You hit the orc warlord but do no damage.
The orc warlord looks as sick as possible!
The orc warlord is heavily wounded.
The orc warlord completely misses you.
You hit the orc warlord.
The orc warlord looks as sick as possible!
The orc warlord is severely wounded.
You bite the orc warlord!
The orc warlord looks as sick as possible!
The orc warlord is severely wounded.
The orc warlord completely misses you.
You hit the orc warlord but do no damage.
The orc warlord looks as sick as possible!
The orc warlord is severely wounded.
The orc warlord hits you with a +7 broad axe!!
You die...

###.....###♣.♣....♣♣
##.........##.......♣
#...........#)).....♣
#...........'.......♣♣
#...).⌠.....'..∩.∩...♣
#...........'.......♣♣
#...........#.......♣ #
###.........##......♣♣
###
###.###.s...###♣♣♣....♣
..### ###.....#o#.###
♣.♣♣.♣
....###.........### ♣♣♣
♣♣ .....#...).......#
.....#......)..).#
.....#.)...⌠)....#
....))...........#
.....#...........#
....###.........##


You could see an orc warlord (extremely poisoned).

Vanquished Creatures
  Pikel (D:7)
  An orc knight (Bailey)
  Prince Ribbit (D:5)
  A wraith (D:6)
  2 water moccasins
  An ice beast (D:6)
  A sky beast (D:6)
  2 orc warriors (Bailey)
  An ogre (D:6)
  A bullfrog (D:7)
  4 scorpions
  3 wights (D:7)
  A howler monkey (D:4)
  2 hounds
  3 jellies
  4 orc priests
  An iguana (D:5)
  Ijyb (D:4)
  3 orc wizards
  Robin (D:2)
  6 adders
  2 gnolls (Bailey)
  2 white imps
  3 ufetubi
  5 dart slugs
  13 orcs
  4 ball pythons
  2 bats
  6 endoplasms
  4 giant cockroaches
  26 goblins
  13 hobgoblins
  5 jackals
  3 quokkas
  A frilled lizard (D:1)
  4 kobolds
  7 rats
141 creatures vanquished.

Vanquished Creatures (collateral kills)
  A gnoll (Bailey)
  An ufetubus (D:5)
  A dart slug (D:5)
  2 orcs (Bailey)
  3 endoplasms
  4 goblins
  3 hobgoblins (Bailey)
  A quokka (D:5)
  4 ball pythons
  3 bats
  2 frilled lizards (D:2)
  A rat (D:2)
26 creatures vanquished.

Vanquished Creatures (others)
  An orc knight (Bailey)
  An orc warrior (Bailey)
2 creatures vanquished.

Grand Total: 169 creatures vanquished

Notes
Turn   | Place    | Note
-------+----------+-------------------------------------------
     0 | D:1      | shadowmeld the Djinni Transmuter began the quest for the
                  | Orb.
     0 | D:1      | shadowmeld set off with the following spells memorised:
                  | Beastly Appendage, Wereblood, Spider Form, Ice Form.
     0 | D:1      | Reached XP level 1. HP: 17/17 MP: 0/0
     6 | D:1      | Found a faded altar of an unknown god.
   123 | D:1      | Reached XP level 2. HP: 19/22 MP: 0/0
   814 | D:1      | Reached XP level 3. HP: 15/27 MP: 0/0
   814 | D:1      | Learned a level 1 spell: Summon Small Mammal
  1649 | D:2      | Noticed Robin
  1860 | D:2      | Reached XP level 4. HP: 30/32 MP: 0/0
  2232 | D:2      | Identified the +4 scale mail of Terror {rPois Regen+ MP-9
                  | Dex+7}
  2419 | D:2      | Killed Robin
  2527 | D:2      | Reached XP level 5. HP: 38/38 MP: 0/0
  2527 | D:2      | Learned a level 2 spell: Poisonous Vapours
  2840 | D:3      | Noticed a +0 hand axe
  2840 | D:3      | Noticed a +0 dagger
  2843 | D:3      | Found a hide-covered altar of Uskayaw.
  3002 | D:3      | Found a hazy altar of Hepliaklqana.
  3309 | D:4      | Reached XP level 6. HP: 43/43 MP: 0/0
  3367 | D:4      | Found a staircase to the Ecumenical Temple.
  3373 | Temple   | Entered the Ecumenical Temple
  3846 | Temple   | Became a worshipper of the Shining One
  4005 | D:4      | Noticed Ijyb
  4028 | D:4      | Killed Ijyb
  4056 | D:4      | Identified the +1 ring mail "Zukk" {Drain Dex+6 Slay-3
                  | SInv}
  4177 | D:4      | Identified the +1 whip of Jeilihos {speed, Str+2}
  4512 | D:4      | Found a burning altar of Makhleb.
  4734 | D:5      | Entered Level 5 of the Dungeon
  4750 | D:4      | Reached skill level 1 in Armour
  4797 | D:5      | Reached XP level 7. HP: 43/49 MP: 0/0
  4797 | D:5      | Learned a level 3 spell: Inner Flame
  4932 | D:5      | Noticed a water moccasin
  4940 | D:5      | Killed a water moccasin
  5144 | D:5      | Found a stormy altar of Qazlal.
  5176 | D:5      | Noticed Prince Ribbit
  5194 | D:5      | Killed Prince Ribbit
  5195 | D:5      | Reached XP level 8. HP: 38/56 MP: 0/0
  5747 | D:6      | Reached skill level 1 in Evocations
  5779 | D:6      | Reached skill level 5 in Spellcasting
  5841 | D:6      | Noticed a wraith
  5841 | D:6      | Reached * piety under the Shining One
  5889 | D:6      | Killed a wraith
  6046 | D:6      | Reached skill level 5 in Dodging
  6046 | D:6      | Reached XP level 9. HP: 62/62 MP: 0/0
  6046 | D:6      | Learned a level 4 spell: Animate Dead
  6249 | D:6      | Identified the +1 long sword of the Uplifting Ass {vorpal,
                  | Will- Str+5 Int+2}
  6634 | D:7      | HP: 1/62 [orc wizard/+0 dagger (5)]
  6739 | D:7      | Reached skill level 5 in Unarmed Combat
  6763 | D:7      | Noticed Pikel
  6775 | D:7      | Killed Pikel
  6793 | D:7      | Found a flagged portal.
  6802 | Bailey   | Entered a bailey
  6856 | Bailey   | Noticed an orc knight
  6876 | Bailey   | Killed an orc knight
  6877 | Bailey   | Reached skill level 5 in Armour
  6877 | Bailey   | Reached XP level 10. HP: 54/69 MP: 0/0
  6949 | Bailey   | Noticed an orc knight
  6952 | Bailey   | Reached skill level 5 in Fighting
  6952 | Bailey   | Noticed an orc warlord
  6987 | Bailey   | Mangled by an orc warlord

Illustrated notes

Levels and vault maps discovered:
D:1:      dpeg_arrival_ratfight, layout_rooms, basic_ecumenical_altar
D:2:      minmay_thinvault, layout_rooms, uniq_robin
D:3:      layout_loops_ring, old_standard_altar, dancing_weapons_uskayaw
D:4:      nicolae_cairo_tiling_large_dashed, layout_cave_pods,
          lightli_temple_of_fire, minmay_temple_entry_hall, minmay_vboxes,
          uniq_ijyb
D:5:      layout_loops_ring, kennysheep_mini, uniq_prince_ribbit1
D:6:      layout_basic, kennysheep_generic_room_6
D:7:      layout_cave_pools, lemuel_doored_altar, serial_co_window_serial,
          co_window_paths_a, co_window_corner_a, co_window_paths_a,
          co_window_of_opportunity_a, co_window_of_opportunity_a,
          co_window_of_opportunity_a, co_window_paths_a, co_window_corner_a,
          co_window_paths_a, co_window_paths_c, co_window_unsneaky_path_a,
          co_window_2corner, co_window_of_opportunity_c, co_window_broadway_b,
          co_window_4corner_b, co_window_4corner_a, enter_bailey_3, uniq_pikel
Temple:   minmay_temple_forest_path
Bailey:   bailey_axe_minmay_hex_keep, bailey

Skill      XL: |  1  2  3  4  5  6  7  8  9 10 |
---------------+-------------------------------+-----
Spellcasting   | 2 3 4 5 6 |  6.1
Fighting       | 2 3 4 5 |  5.0
Dodging        | 3 4 5 6 |  6.2
Unarmed Combat | 4 6 |  6.7
Armour         | 1 2 3 5 |  5.2
Evocations     | 1 |  1.4

Action                   |  1- 3 |  4- 6 |  7- 9 | 10-12 || total
-------------------------+-------+-------+-------+-------++-------
Melee: Unarmed           |    80 |   159 |   322 |    22 ||   583
       Headbutt          |    15 |    29 |    95 |     4 ||   143
       Punch             |     2 |     4 |    13 |       ||    19
 Cast: Beastly Appendage |    21 |    25 |    28 |     2 ||    76
       Summon Small Mamm |    25 |    20 |     9 |       ||    54
       Poisonous Vapours |       |       |     2 |     2 ||     4
       Spider Form       |       |       |       |     1 ||     1
Evoke: Wand              |       |     7 |    26 |     5 ||    38
  Use: Scroll            |       |     6 |     3 |       ||     9
       Potion            |       |     1 |     3 |       ||     4
Armor: Robe              |    11 |     1 |       |       ||    12
       Scale mail        |       |    53 |   109 |     2 ||   164
       Skin              |       |    16 |       |       ||    16
Dodge: Dodged            |    57 |   104 |   219 |     8 ||   388
